[Event "European Women-ch 2023"]
[Site "Petrovac"]
[Date "2023.03.19"]
[Round "2.14"]
[White "Allahverdiyeva, Ayan"]
[Black "Buchholz, Maja Patricia"]
[Result "1/2-1/2"]
[ECO "C10"]
[WhiteElo "2124"]
[BlackElo "1883"]
[Annotator "TA"]
[PlyCount "60"]
[EventDate "2023.03.15"]
[EventType "swiss"]
[EventCountry "MNE"]
[SourceTitle "playchess.com"]
[Source "ChessBase"]
[SourceQuality "1"]
[TimeControl "40/5400+30:1800+30"]

1. e4 e6 2. d4 d5 3. Nd2 dxe4 4. Nxe4 Nd7 5. Nf3 Ngf6 6. Bd3 c5 7. Bg5 Be7 8. Nxc5 Nxc5 9. dxc5 Qa5+ 10. c3 Qxc5 11. Qe2 $1 {[%emt 0:00:47] 11.Qe2 scores better than 11.0-0.} O-O 12. O-O-O Rd8 13. Bxf6 {[%emt 0:09:43] C10: French with 3 Nc3: Unusual Black 3rd moves and 3...dxe4.} (13. Ne5 {is interesting.} h6 14. Bh4 Qc7 15. f4) 13... Bxf6 {[%emt 0:00:53] [#]} 14. Bxh7+ $1 Kxh7 15. Rxd8 {[%emt 0:00:39][%mdl 64] Remove Defender. White is better.} Bxd8 16. Qd3+ Qf5 17. Qxd8 b6 {[%emt 0:01:13] [#]} (17... f6 $142) 18. Ng5+ $146 ({Predecessor:} 18. Qc7 Ba6 19. Re1 Kg8 20. Qe5 Qxe5 21. Nxe5 Kf8 22. h4 Bb7 23. g3 f6 24. Nd3 {1-0 Fichtl,J-Fuchs,R Lasker Memorial 1962 (6)}) 18... Kg6 {[%emt 0:09:09] Strongly threatening ...Bb7.} 19. h4 {[%emt 0:09:55][%cal Bh2h4,Bh4h5][%mdl 32] Threatening mate with h5+. White is more active.} Bb7 (19... Qf4+ $16 20. Kb1 Bb7) 20. Qe7 (20. h5+ $2 Kh6 21. Nxf7+ Qxf7 22. Qd2+ Kh7 23. Qc2+ Kg8 $19) 20... Bxg2 21. h5+ {[%emt 0:03:21][%mdl 64] Deflection} (21. Rg1 Qxf2 22. Qxf7+ Qxf7 $11) 21... Kh6 22. Nxf7+ Kh7 {[%emt 0:00:21] [#]} 23. Ng5+ ({White should play} 23. Rh4 $1 $18 {Threatens to win with h6.} Qf6 24. Ng5+ Kh6 25. Qxf6+ (25. Qxe6 Kxg5 26. Rg4+ Kxh5 $16) 25... gxf6 26. Nxe6) 23... Kh6 $14 24. Nxe6 (24. Qxe6+ $2 {too greedy.} Qxe6 25. Nxe6 Bxh1 $19) (24. Rg1 $14 Qf4+ 25. Kb1 Qf5+ 26. Ka1 Qxg5 27. Qxe6+ (27. Qxg5+ Kxg5 28. Rxg2+ Kf6 $14) 27... Kh7 28. Qg6+ {[%mdl 64] Decoy} Qxg6 29. hxg6+ Kxg6 30. Rxg2+ Kh6 31. a3) 24... Bxh1 $11 25. Qxg7+ Kxh5 26. Qg1 $1 {[%emt 0:00:46] Intending Ng7+ and mate. Really sharp! The position is equal.} Qxe6 27. Qxh1+ Kg4 28. Qxa8 {[%emt 0:00:30] Qg2+ would be deadly.} Qe1+ 29. Kc2 {[%emt 0:00:02] Black must now prevent Qg8+.} Qe2+ $1 30. Kb3 {[%emt 0:00:09] Hoping for Qd5.} Qb5+ {[%emt 0:00:07] White really could win this.   Weighted Error Value: White=0.19 (very precise) /Black=0.18 (very precise)} 1/2-1/2

[Event "European Women-ch 2023"]
[Site "Petrovac"]
[Date "2023.03.19"]
[Round "2.15"]
[White "Gunina, Valentina"]
[Black "Lach, Aleksandra"]
[Result "1-0"]
[ECO "B23"]
[WhiteElo "2478"]
[BlackElo "2170"]
[Annotator "TA"]
[PlyCount "137"]
[EventDate "2023.03.15"]
[EventType "swiss"]
[EventCountry "MNE"]
[SourceTitle "playchess.com"]
[Source "ChessBase"]
[SourceQuality "1"]
[TimeControl "40/5400+30:1800+30"]

1. e4 c5 2. Nc3 g6 3. d4 cxd4 4. Qxd4 Nf6 5. Be3 Nc6 6. Qd2 {[%emt 0:00:06] B23: Closed Sicilian: Lines without g3.} Bg7 7. f3 {[%emt 0:00:14] Dodges Ng4} O-O 8. O-O-O {[%emt 0:00:42] White is slightly better. 8.Nge2 is more advanced technology.} d6 9. Nge2 Qa5 10. Kb1 Be6 {[%emt 0:09:34] [#]} 11. Nf4 $146 ({Predecessor:} 11. Bh6 Bxh6 12. Qxh6 Rac8 13. h4 Ne5 14. h5 Nc4 15. hxg6 fxg6 16. Rd3 Bf7 17. f4 {1-0 Kollars,D (2621)-Bauer,T (2230) Norway Chess op 2021 (1)}) 11... Rac8 12. Nxe6 fxe6 13. Bc4 d5 $2 {[%emt 0:22:48] Black cannot hold the game after this.} 14. Bb3 Kh8 (14... d4 $16 {was called for.}) 15. exd5 $18 Rfd8 16. Rhe1 a6 (16... b5 {might work better.} 17. Qf2 Nxd5 18. Nxd5 exd5 19. Rxd5 Rxd5 20. Bxd5 b4) 17. Qf2 Nxd5 18. Nxd5 Rxd5 19. Bxd5 exd5 20. c3 e5 21. Bb6 Qb5 22. Qc5 Qxc5 23. Bxc5 d4 24. cxd4 exd4 25. f4 Kg8 26. Rd3 Rd8 27. a3 Kf7 28. g4 Rd5 29. Bb6 h5 30. h3 Rb5 31. Bc7 hxg4 32. hxg4 Rd5 33. Rb3 b5 34. Rc1 Ne7 35. Ba5 Rd7 36. Bd2 Ke6 37. Rh3 Kd5 $2 (37... Kf7 38. Kc2 Nd5) 38. Rh7 Ng8 39. g5 {[%emt 0:00:26] Inhibits Nf6.} Rf7 40. Bb4 a5 {[%emt 0:00:00] [#]} 41. Bf8 {[%emt 0:03:41][%mdl 576] Deflection} Rxf8 42. Rxg7 {[%emt 0:00:54][%mdl 4096] Endgame KRR-KRN} b4 43. axb4 axb4 44. Ka2 Ke4 45. Re1+ Kf3 46. Rxg6 Ra8+ 47. Kb3 Kxf4 48. Kxb4 {[%emt 0:00:22] [#] Kc4 is the strong threat.} Kf5 49. Rg7 {[%emt 0:00:06] And now Kc4 would win.} Rd8 50. Kc4 d3 51. Kc3 d2 52. Rd1 Re8 53. Rxd2 Ne7 54. b4 Rc8+ 55. Kb3 Nc6 56. Rgd7 {[%emt 0:00:27] Threatens to win with R2d5+.} Kxg5 57. Rf7 {[%emt 0:01:11] White mates.} Kg4 58. Rd1 Kg3 59. Rg1+ Kh2 60. Rg5 Nd4+ 61. Kb2 Rh8 62. b5 Rh6 63. Kc3 Ne6 64. Re5 Kg3 65. b6 Nd8 66. Rd7 Rc6+ 67. Kd4 Rc8 68. b7 Rb8 69. Rxd8 {[%emt 0:00:09] Weighted Error Value: White=0.23 (precise) /Black=0.32} 1-0

[Event "European Women-ch 2023"]
[Site "Petrovac"]
[Date "2023.03.19"]
[Round "2.15"]
[White "Kostina, Veronika"]
[Black "Koridze, Lile"]
[Result "0-1"]
[ECO "A28"]
[WhiteElo "1855"]
[BlackElo "2122"]
[Annotator "TA"]
[PlyCount "155"]
[EventDate "2023.03.15"]
[EventType "swiss"]
[EventCountry "MNE"]
[SourceTitle "playchess.com"]
[Source "ChessBase"]
[SourceQuality "1"]
[TimeControl "40/5400+30:1800+30"]

1. c4 e5 2. Nc3 Nf6 3. Nf3 Nc6 4. e3 d5 5. cxd5 Nxd5 6. Bb5 Nxc3 7. bxc3 Bd6 8. d4 exd4 9. cxd4 O-O 10. O-O Bg4 {[%emt 0:02:17][%cal Bc8g4,Bg4h5,Bh5g6][%mdl 32] A28: English Opening: Four Knights Variation.} 11. h3 Bh5 12. Rb1 Qf6 {[%emt 0:12:08] White has an edge.} 13. Be2 Rab8 {[%emt 0:01:38] [#]} 14. Bb2 $146 ({Predecessor:} 14. Rb5 Bg6 15. Bb2 a6 16. Rb3 Qe7 17. Bc3 Rfd8 18. Nd2 Bb4 19. Bf3 Bxc3 20. Rxc3 {1-0 Yilmaz,M (2629)-Cherniaiev,T (2330) Titled Tuesday intern op 28th Feb Early blitz 2023 (9)}) 14... Bg6 15. Bd3 Rfe8 16. Bc3 b6 17. Re1 a5 18. Bxg6 Qxg6 19. Qd2 Nb4 20. Rec1 Nd5 21. Qc2 Qh5 22. Bd2 Nf6 23. a4 Ne4 24. Rb5 Qg6 25. Be1 f6 {[%emt 0:04:39] [#]} 26. Rcb1 (26. Nh4 $1 $16 Qf7 27. f3) 26... Rbd8 $14 27. Nh4 Qf7 28. Nf5 Bf8 29. f3 Nd6 30. Nxd6 Bxd6 31. Bf2 g6 32. e4 Bb4 33. Rc1 Rd7 34. d5 ({Better is} 34. Qc4 $16) 34... f5 $11 (34... Bd6 {simplifies} 35. Kf1 f5 36. exf5 Qxf5 37. Qxf5 gxf5 38. Rc6 Rf8) 35. Bd4 $2 (35. exf5 $11 {and White has nothing to worry.} Qxf5 36. Qxf5 gxf5 37. Bg3 Bc5+ 38. Kf1) 35... fxe4 $19 36. fxe4 Qf4 {[%emt 0:00:22] Strongly threatening ...Bd6.} 37. Qc6 {[%emt 0:01:44] Against Bd6} (37. Rxb4 axb4 38. Qc4) 37... Rf8 $2 (37... Bd6 $19 {( -> ...Qh2+)} 38. Rb3 (38. Qxd7 Qxc1+ 39. Kf2 Qd2+ 40. Kf3 Qd3+ 41. Be3 Qxe4+ 42. Ke2 Qxe3+ 43. Kd1 Qd3+ 44. Kc1 Ba3+ 45. Rb2 Re1#) 38... Qh2+ 39. Kf1 Rxe4 40. Qa8+ Bf8) 38. Qe6+ $2 {[%emt 0:01:13][%mdl 8192] [#]} (38. Qxd7 $2 Qxc1+ 39. Kh2 Bd6+ 40. e5 Qf4+ 41. Kh1 Qxd4 $19) (38. Rd1 $11 Rdf7 39. Qe6) 38... Rdf7 $2 (38... Rff7 $1 $19 39. Qe8+ Bf8) 39. Rd1 $11 Bd6 {[%emt 0:02:20][%csl Gd6][%cal Rf4h2] Really sharp!} 40. e5 Bb4 $40 {[%emt 0:00:00][%mdl 128] Black attacks.} 41. Qg4 Qxg4 (41... Re8 {feels hotter.} 42. e6 Rf5 43. Qxf4 Rxf4 44. Be5 Rc4) 42. hxg4 Rf4 43. g5 Re4 44. g3 Rf5 45. e6 $2 {[%emt 0:05:12][%mdl 8192] Black keeps a firm grip on the game.} (45. d6 $11 {and White is okay.} cxd6 46. exd6 Bxd6 47. Bxb6 Bxg3 48. Rxf5 gxf5 49. Rd5) 45... Rxg5 $19 46. Kg2 {[%emt 0:01:07][%cal Od5d6] And now d6! would win.} Rf5 47. Rd3 (47. d6 {might work better.} Re2+ 48. Kg1 cxd6 49. Bxb6) 47... h5 48. d6 Bxd6 (48... cxd6 $2 {too greedy.} 49. Rxf5 gxf5 50. Bxb6) 49. Rxf5 gxf5 50. Bxb6 Rxa4 {[%emt 0:02:54][%mdl 4096] Endgame ...Kf8 would be deadly. KRB-KRB} 51. Bd4 $2 (51. Rd5 cxb6 52. Rxd6) 51... Kf8 (51... Ra3 $142 52. Rd1 Rxg3+ 53. Kf2 Rg6) 52. Bf6 Re4 53. e7+ (53. Rd5 {was the crucial defense.}) 53... Kf7 54. Bh4 Bxe7 55. Bxe7 Kxe7 {[%emt 0:00:47] KR-KR} (55... Rxe7 $2 {loses.} 56. Rd5 $19) 56. Rd5 a4 57. Rxf5 h4 58. Kf3 Rb4 $2 (58... Re1 $19 59. Kf2 Ra1 60. gxh4 a3) 59. g4 $2 (59. gxh4 $11 Rxh4 60. Ke3) 59... a3 60. Ra5 Rb3+ 61. Kg2 Rg3+ 62. Kh2 Kd6 63. g5 c5 64. g6 Kd5 ({Not} 64... Rxg6 65. Ra6+ Kd5 66. Rxg6 $11) 65. g7 Rxg7 66. Rxa3 Rg4 {[%emt 0:00:06] Black mates.} 67. Ra8 Rd4 68. Kh3 Kc4 69. Rc8 Kb4 70. Rc7 c4 71. Rb7+ Kc3 72. Rc7 Kd3 73. Ra7 c3 74. Rc7 c2 75. Rc8 Kd2 76. Kh2 c1=Q 77. Rc7 Qc3 78. Rxc3 {[%emt 0:00:00] Weighted Error Value: White=0.77/Black=0.37} 0-1

[Event "European Women-ch 2023"]
[Site "Petrovac"]
[Date "2023.03.19"]
[Round "2.16"]
[White "Stefanova, Antoaneta"]
[Black "Toncheva, Nadya"]
[Result "0-1"]
[ECO "D78"]
[WhiteElo "2435"]
[BlackElo "2192"]
[Annotator "TA"]
[PlyCount "142"]
[EventDate "2023.03.15"]
[EventType "swiss"]
[EventCountry "MNE"]
[SourceTitle "playchess.com"]
[Source "ChessBase"]
[SourceQuality "1"]
[TimeControl "40/5400+30:1800+30"]

1. d4 {[%emt 0:00:04] Pavlovic,Milos} d5 2. c4 c6 3. Nf3 Nf6 4. Qb3 dxc4 5. Qxc4 g6 6. g3 Bg7 7. Bg2 O-O 8. O-O Bf5 {[%emt 0:05:32] 8...b5 is the recent fashion. D78: Fianchetto Grünfeld: 6 0-0 c6.} 9. Rd1 Nbd7 10. Nh4 Nb6 {[%emt 0:05:21] The position is equal.} 11. Qb3 Bg4 {[%emt 0:08:31] [#]} 12. f3 $146 (12. Nc3 $142) ({Predecessor:} 12. Nc3 Nfd5 13. Nf3 Nxc3 14. bxc3 Qd5 15. Ba3 Rfe8 16. Ne5 Qxb3 17. axb3 Bxe2 18. Rd2 Bxe5 19. dxe5 {0-1 Giri,A (2769)-Svidler,P (2751) Sinquefield Cup 4th 2016 (8)}) 12... Be6 $11 13. Qc2 Ne8 (13... Nbd5 {might be stronger.}) 14. f4 Nd6 (14... Bxd4+ $2 15. e3 $18) 15. Nc3 Nf5 16. Nf3 Nd5 {[%emt 0:04:57] Threatening ...Nde3.} (16... Nxd4 $2 17. Nxd4 Bxd4+ 18. e3 $18) 17. Qd3 {[%emt 0:04:20] Against Nde3} Nb4 18. Qb1 Qb6 (18... Bxd4+ $2 19. e3 $18) 19. e3 Rad8 20. a3 {[%emt 0:25:14] Repels c5} Nd5 21. Qd3 Nc7 22. b4 Bb3 23. Rd2 (23. Re1 $5) 23... Nd6 24. Qb1 Be6 25. Na4 $1 Qb5 26. Nc5 a5 27. Bf1 Qb6 28. Rb2 (28. Ne5 {with more complications.} axb4 29. axb4 Bf5 30. Qb3) 28... Bf5 29. Qa2 axb4 30. Rxb4 Qa7 31. Qb2 Nd5 32. Ra4 {[%emt 0:00:20] Prevents b6} Qb8 33. Ne5 f6 34. Nf3 (34. Ned3 $1 $15) 34... b6 $17 35. Na6 Qb7 (35... Qa7 $142 {And now ...b5 would win.} 36. Nc5 Qb8) 36. Nb4 b5 {[%emt 0:00:53] Black is more active.} (36... e6 $17 37. Bd2 b5 38. Nxd5 exd5) 37. Nxd5 bxa4 (37... e6 $15) 38. Qxb7 $14 {[%emt 0:00:20][%mdl 64] [#] Remove Defender} Nxb7 39. Nxe7+ Kh8 40. Nxf5 gxf5 41. Rb1 Nd6 42. Rb6 Ne4 (42... Rb8 $5 43. Rxc6 Ne4 $11) 43. Rxc6 (43. Bh3 $5 ) 43... Rc8 ({Black should play} 43... Rb8 $11) 44. d5 Nc3 ({Better is} 44... Rfd8 $14) 45. Ba6 $18 Rxc6 46. dxc6 {[%emt 0:00:01] Hoping for c7.} Nd5 47. Nd4 Nc7 48. Bb7 Rd8 49. Kf2 (49. Nxf5 $2 Rd1+ 50. Kf2 Rxc1 $19) 49... Bf8 50. Ke2 (50. Nxf5 $2 Rd1 51. Nd4 Rxc1 $19) 50... Rd5 (50... Kg8 $16 51. Nxf5 Kf7) 51. Bb2 Kg7 52. Bc8 Kg6 53. Bd7 Bc5 54. Nf3 Kf7 55. h3 Bb6 56. Nd4 Bxd4 57. exd4 $14 {[%emt 0:00:40][%mdl 4096] Endgame KRN-KB} (57. Bxd4 $16 Nb5 58. c7 Nxc7 59. Bxa4) 57... Rb5 $11 58. Bc3 Ke7 59. Kd3 $2 {[%emt 0:00:18][%mdl 8192] [#]} (59. Bb4+ $2 Rxb4 60. Bxf5 (60. axb4 $2 a3 $19) 60... Rb3 61. Bxh7 Rxg3 $19) (59. Kd2 $1 $11 Kd8 60. Bb4) 59... Nd5 $1 $19 {[%emt 0:01:25] aiming for ...Rb3.} 60. Be1 $2 (60. Bxf5 Rb3 61. Kd2 Rxc3 $19) (60. Bb4+ Nxb4+ 61. Kc4 Nxc6 62. Bxc6) 60... Rb3+ 61. Kc2 Rxa3 62. Ba5 (62. Bxf5 $142 Kd6 63. Bxh7) 62... Rxg3 63. Kb2 Rb3+ (63... Nxf4 64. Bxf5 (64. Bb4+ Kd8 $11) 64... Nd5 65. c7 Nxc7 66. Bxc7 $11) 64. Kc2 Rxh3 (64... Nxf4 65. Bxf5 Ne6 66. c7 Nxc7 67. Bxc7 $19) (64... Ne3+ $142 65. Kd2 Nc4+ {[%mdl 64] Discovered Attack, Double Attack} 66. Ke2 a3 67. d5 a2 68. d6+ Nxd6 69. Bd8+ Kxd8 70. Be6 Rb2+ 71. Kf3 a1=Q 72. c7+ Kxc7 73. Bxf5 Qf1+ 74. Kg3 Qg2+ 75. Kh4 Nxf5+ 76. Kh5 Qxh3#) 65. Kb2 Rb3+ ({Worse is} 65... Nxf4 66. Bb4+ Kd8 67. Ba5+ Ke7 68. Bb4+ Kd8 69. Ba5+ Ke7 $11) 66. Ka2 Nc3+ {[%emt 0:00:32] Black mates.} ({Weaker is} 66... Nxf4 67. Bxf5 Nd5 68. c7 Nxc7 69. Bxc7 $11) 67. Bxc3 Rxc3 68. d5 Kd6 69. Kb2 Rb3+ 70. Ka2 h5 71. Bxf5 h4 {[%emt 0:00:11] A wild game.   Weighted Error Value: White=0.27 (precise) /Black=0.15 (very precise)} ({Not} 71... Kxd5 72. c7 Rc3 73. c8=Q Rxc8 74. Bxc8 $11) 0-1

[Event "European Women-ch 2023"]
[Site "Petrovac"]
[Date "2023.03.19"]
[Round "2.16"]
[White "Tsirulnik, Maritsa"]
[Black "Karaivanova, Petya"]
[Result "1-0"]
[ECO "E11"]
[WhiteElo "2121"]
[BlackElo "1875"]
[Annotator "TA"]
[PlyCount "115"]
[EventDate "2023.03.15"]
[EventType "swiss"]
[EventCountry "MNE"]
[SourceTitle "playchess.com"]
[Source "ChessBase"]
[SourceQuality "1"]
[TimeControl "40/5400+30:1800+30"]

1. d4 d5 2. c4 e6 3. Nf3 Nf6 4. g3 Bb4+ 5. Bd2 Be7 6. Bg2 c6 7. Qc2 Nbd7 8. O-O O-O 9. Bf4 b6 10. Nbd2 Ba6 11. Rfd1 {[%emt 0:05:04] E11: Bogo-Indian.} Nh5 12. b3 Rc8 {[%emt 0:07:46] [#]} 13. Nf1 $146 {[%emt 0:08:11] The position is equal.} ({Predecessor:} 13. Be3 f5 14. Nf1 f4 15. Bc1 Bd6 16. Bb2 Ndf6 17. Rac1 Ne4 {1-0 Kuzubov,Y (2642)-Sarana,A (2649) Titled Tuesday intern op 23rd Feb blitz 2021 (8)}) 13... Nxf4 14. gxf4 Bb7 15. Ne5 f6 ({Better is} 15... Nxe5 $15 16. dxe5 f6) 16. Nd3 $11 Qc7 17. Bh3 f5 18. b4 c5 19. bxc5 bxc5 20. cxd5 Bxd5 21. Ne3 Be4 {[%emt 0:01:07] This pair of bishops is nice.} 22. Qc4 Rf6 {[%emt 0:13:35] Hoping for ...Rg6+.} 23. Ne5 {[%emt 0:00:35][%cal Oh3f5] Wards off Rg6+} Nb6 (23... cxd4 {simplifies} 24. Qxc7 Rxc7 25. N3c4 Nxe5 26. Nxe5 Bd6) 24. Qc3 Nd5 (24... c4 $1 $17 {Black wants to play ...Rh6.} 25. f3 Bc6) 25. Nxd5 Bxd5 26. Bg2 Bxg2 27. Kxg2 Bd6 (27... c4 $11) 28. dxc5 $1 $16 Bxe5 29. fxe5 (29. Qxe5 {simplifies} Qxe5 30. fxe5 Rf7 31. Rab1) 29... Qc6+ (29... Qb7+ $142 30. f3 Rh6) 30. f3 Rg6+ (30... Rf7 $16 {was necessary.}) 31. Kh1 $18 Qb5 (31... Qxc5 $2 32. Rd8+ Rxd8 33. Qxc5 $18) (31... h6 $142) 32. Rab1 Qxe2 33. Rd2 Qa6 (33... Rxc5 $2 34. Rb8+) 34. c6 $1 {[%emt 0:02:32][%cal Bc5c6,Bc6c7][%mdl 32] c7 is the strong threat.} h6 $2 (34... Rxc6 35. Rb8+) (34... h5 {keeps fighting.}) 35. c7 {[%emt 0:00:38] Black must now prevent Rd8+.} Kh7 36. Rc2 $1 Qa4 {[%emt 0:00:47] [#]} 37. Qc4 $2 (37. Rb8 $1 $18 {[%cal Rb8c8] and the rest is easy.} Qa6 38. Qe1 Rxc7 39. Rxc7 Qxa2 40. Qf1) 37... Qd7 38. a4 (38. Rbc1 $142) 38... Qe7 $16 39. Rbc1 ({White should play} 39. a5 $16) 39... Qa3 $14 40. Rc3 Qb2 41. Qf1 $36 {[%emt 0:03:06][%mdl 2048] Prevents Qg2+. White is in control.} Rg5 42. Rc5 (42. R1c2 $16 Qb6 43. Rc5) 42... Qb7 {[%emt 0:08:28][%mdl 8192] This move loses the game for Black.} (42... a5 $14) 43. Rb1 $18 Qa8 44. a5 a6 45. Rb6 {[%emt 0:01:53][%cal Of1d3] aiming for Qd3!} Qa7 46. Qc4 (46. Qxa6 Rxc7 47. Qxa7 Rxa7 $18) 46... Qa8 47. Qd3 (47. Rxe6 $2 Qxf3#) 47... Qa7 48. Qd7 (48. Qxa6 Rxc7 49. Qxa7 Rxa7 $16) 48... Qa8 49. Qc6 {[%emt 0:00:19] Active counter play!} (49. Qxe6 $2 Qxf3#) 49... Rxc7 50. Qxa8 Rxc5 51. Rb1 (51. Qxa6 $2 Rc1+) 51... Rc2 52. Qe8 {[%emt 0:01:19] And now Rg1 would win.} Rgg2 {[%emt 0:00:49] [#]} 53. Qh5 $1 ({Worse is} 53. Qxe6 Rxh2+ 54. Kg1 Rcg2+ 55. Kf1 Rf2+ 56. Kg1 (56. Ke1 Re2+ 57. Kf1 Ref2+ 58. Kg1 Rfg2+ 59. Kf1 Rf2+ $11) 56... Rfg2+ 57. Kf1 Rf2+ 58. Kg1 (58. Ke1 Re2+ 59. Kf1 Ref2+ $11) 58... Rhg2+ 59. Kh1 Rh2+ 60. Kg1 $11) 53... Rgd2 54. Rg1 {[%emt 0:00:54] White wants to mate with Qg6+.} g5 55. Rb1 {[%emt 0:00:44] White mates.} (55. Rxg5 $2 {is the wrong capture.} Rxh2+ 56. Kg1 Rxh5 57. Rxh5 Ra2 $19) 55... Rc7 56. Qe8 g4 57. fxg4 fxg4 58. Qxe6 {[%emt 0:00:06] Weighted Error Value: White=0.31/Black=0.40} 1-0

[Event "European Women-ch 2023"]
[Site "Petrovac"]
[Date "2023.03.19"]
[Round "2.17"]
[White "Lehaci, Miruna-Daria"]
[Black "Arabidze, Meri"]
[Result "1/2-1/2"]
[ECO "C77"]
[WhiteElo "2202"]
[BlackElo "2433"]
[Annotator "TA"]
[PlyCount "104"]
[EventDate "2023.03.15"]
[EventType "swiss"]
[EventCountry "MNE"]
[SourceTitle "playchess.com"]
[Source "ChessBase"]
[SourceQuality "1"]
[TimeControl "40/5400+30:1800+30"]

1. e4 e5 2. Nf3 Nc6 3. Bb5 a6 4. Ba4 Nf6 5. d3 b5 6. Bb3 Bc5 7. Nc3 {[%emt 0:00:42] Recently 7.c3 got a lot of attention.} d6 {[%emt 0:01:07] C77: Ruy Lopez: 3...a6 4 Ba4 Nf6, unusual lines.} 8. Nd5 h6 {[%emt 0:06:24] Prevents Bg5.} 9. c3 Bd7 10. h3 {[%emt 0:03:38] [#]} Ba7 $146 ({Predecessor:} 10... O-O 11. g4 Nh7 12. Rg1 a5 13. g5 a4 14. Bc2 f5 15. d4 exd4 16. cxd4 Bb4+ 17. Nxb4 Nxb4 18. gxh6 fxe4 19. Rxg7+ {0-1 Antolak,J (2368)-Sargsyan,A (2368) Wroclaw Litwinska Memorial KO rapid 2021 (3.2)}) 11. Qe2 Rb8 12. Be3 Bxe3 13. Nxf6+ Qxf6 14. fxe3 Qd8 15. O-O O-O 16. Nh2 Na5 17. Bc2 c5 18. Rf3 Qh4 19. Nf1 b4 20. cxb4 Rxb4 21. b3 Nc6 22. Ng3 a5 23. Raf1 Rbb8 (23... Be6 {is interesting.} 24. Nf5 Qd8 25. Rg3 Bxf5 26. Rxf5 Qh4) 24. Nf5 Bxf5 25. Rxf5 Qe7 26. Bd1 Nd8 27. Qe1 Ra8 28. Bh5 f6 29. R5f2 Kh7 30. Qc3 Ne6 31. Qc4 Nc7 32. Rc2 Rfb8 33. Qc3 Rb4 34. Qe1 Ne6 35. Qg3 Nf8 (35... a4 {looks sharper.} 36. Qg6+ Kg8 37. bxa4 Nf8) 36. Rcf2 a4 {[%emt 0:01:36] Black is weak on the light squares} 37. Bd1 a3 38. Qh4 d5 39. Bg4 d4 40. Qg3 dxe3 41. Qxe3 Rd4 42. Rc2 Qd6 43. Rfc1 Ra5 44. Rc3 Kg8 45. Bf5 Rb5 46. h4 Rb8 47. Kf1 (47. Qe2 {simplifies} g6 48. Bh3 Rd8 49. Rxc5 Rxd3 50. Kh2) 47... Rd8 48. Ke2 (48. Kg1 {simplifies} Ne6 49. Bxe6+ Qxe6 50. Qf3) 48... Kh8 49. h5 {[%emt 0:00:53] Active counter play! The position is equal.} Nh7 50. Bxh7 Kxh7 51. g4 Kh8 52. R1c2 Qd7 {[%emt 0:01:04] An even fight not without its subleties.   Weighted Error Value: White=0.07 (flawless) /Black=0.08 (flawless)} 1/2-1/2

[Event "European Women-ch 2023"]
[Site "Petrovac"]
[Date "2023.03.19"]
[Round "2.17"]
[White "Paasikangas, Johanna"]
[Black "Bakalarz, Grazyna"]
[Result "1/2-1/2"]
[ECO "B30"]
[WhiteElo "2115"]
[BlackElo "1847"]
[Annotator "TA"]
[PlyCount "107"]
[EventDate "2023.03.15"]
[EventType "swiss"]
[EventCountry "MNE"]
[SourceTitle "playchess.com"]
[Source "ChessBase"]
[SourceQuality "1"]
[TimeControl "40/5400+30:1800+30"]

1. e4 c5 2. Nf3 Nc6 3. Bb5 e6 4. O-O Nge7 5. Re1 a6 6. Bf1 d5 7. exd5 Qxd5 8. Nc3 Qd8 {[%emt 0:04:47] B30: Sicilian: 2...Nc6 3 Bb5, lines without ...g6.} 9. d3 {[%emt 0:03:59] [#]} Nd5 $146 ({Predecessor:} 9... Nf5 10. g3 Be7 11. Bg2 O-O 12. a4 Ra7 13. Ne4 b6 14. c3 Rd7 15. Qe2 Rxd3 16. Bf4 {1-0 Sadhwani,R (2545)-Martirosyan,H (2622) Levitov Christmas Online Q2 blitz 2020}) 10. Ne4 Be7 11. c3 O-O 12. d4 cxd4 13. Nxd4 Nxd4 14. Qxd4 b5 15. a4 Bd7 16. axb5 axb5 17. Rxa8 Qxa8 18. Bg5 (18. Nc5 $5 Bc6 19. Nd3 $11) 18... Bxg5 19. Nxg5 h6 20. Nf3 Qa4 21. Qd2 Rb8 22. Nd4 Qa2 23. h3 b4 24. c4 Nf6 25. Qc1 Qa5 26. Qf4 Rc8 27. b3 Be8 28. Qe3 {[%emt 0:05:06][%cal Od4e6] White wants to play Nxe6!} Rd8 29. Nf3 Bc6 30. Ne5 Be4 31. Ng4 (31. Qf4 $1 $14) 31... Nxg4 $11 32. Qxe4 Nf6 $36 {[%emt 0:01:41][%cal Bg4f6,Bf6e4,Be4c5][%mdl 2080] Black has some pressure.} 33. Qc2 Rd4 34. Be2 {[%emt 0:02:22] White is weak on the dark squares} (34. c5 $11) 34... Ne4 35. Rd1 (35. Bf3 $11 {deserves consideration.} Nc5 36. Rd1 Rxd1+ 37. Qxd1) 35... Rxd1+ $17 36. Bxd1 {[%emt 0:00:37][%mdl 4096] Endgame KQB-KQN} Qa1 {[%emt 0:00:10] [#] Strongly threatening ...Nc3.} 37. Kf1 Qd4 {[%emt 0:01:15][%cal Oe4f2] ...Nxf2! would be deadly.} 38. Ke1 Nc5 ({But not} 38... Nc3 $6 39. Qd2 Qe4+ 40. Kf1 $11) (38... g6 $17) 39. Qd2 $15 Qxd2+ 40. Kxd2 {[%emt 0:00:00] KB-KN} Kf8 41. Ke3 {[%emt 0:00:17] The position is equal.} Ke7 42. Kd4 Kd6 43. f4 f6 44. Bc2 g5 45. g3 e5+ 46. fxe5+ fxe5+ 47. Ke3 Ke6 48. h4 Kf6 49. Kf3 gxh4 50. gxh4 h5 51. Ke3 Kg7 52. Bd1 Kg6 53. Bc2+ Kg7 54. Bd1 {[%emt 0:00:49] Weighted Error Value: White=0.12 (very precise) /Black=0.08 (flawless)} 1/2-1/2